[Event "5th Baskent University Open 2022"]
[Site "Ankara"]
[Date "2022.07.04"]
[Round "5.14"]
[White "Sevgi, Volkan"]
[Black "Cakiroglu, Metin"]
[Result "1-0"]
[ECO "B23"]
[WhiteElo "2305"]
[BlackElo "2068"]
[Annotator "TA"]
[PlyCount "93"]
[EventDate "2022.07.02"]
[EventType "swiss"]
[EventCountry "TUR"]
[SourceTitle "playchess.com"]
[Source "ChessBase"]
[SourceQuality "1"]
[TimeControl "5400+30"]

1. e4 c5 2. Nc3 d6 3. g3 h5 4. h3 g6 5. Bg2 Bg7 6. Nf3 {[%emt 0:00:30] B23: Closed Sicilian: Lines without g3.} Nc6 {[%emt 0:00:30] Prevents d4.} 7. d3 e6 8. O-O {[%emt 0:00:30] The position is equal.} Nge7 9. Bg5 {[%emt 0:05:30] [#]} Rb8 $146 ({Predecessor:} 9... a6 10. Qd2 Nd4 11. Rae1 Qc7 12. Ne2 Nxf3+ 13. Bxf3 Nc6 14. c3 e5 15. Bg2 Be6 {½-½ (43) Rouleau,J (2269)-Pelekhaty,A Philadelphia 2003}) 10. a4 a6 11. Qd2 b5 (11... b6 $11) 12. axb5 $14 axb5 13. e5 {[%emt 0:00:30] Hoping for exd6.} Nxe5 (13... d5 $14) 14. Nxe5 $16 Bxe5 {[%emt 0:06:30] [#]} 15. Ne4 {[%emt 0:00:00] Prevents f6.} (15. Rfe1 $1 $16 ) 15... Qb6 16. Nf6+ (16. d4 $5 cxd4 17. Nf6+ Kd8 18. Qd3 $16) 16... Kd8 (16... Bxf6 $11 {keeps the balance.} 17. Bxf6 Rg8) 17. c3 {[%emt 0:02:30][%cal Od3d4] White is much more active. The black rooks are badly placed.} d5 $2 {[%emt 0:04:30] [#]} (17... Bb7 $16 {is a better defense.}) 18. Bxd5 $1 exd5 (18... Rf8 19. Bg2) 19. Nxd5 Qe6 20. Nxe7 f6 21. Nxg6 fxg5 22. Nxh8 Bxh8 23. Qxg5+ Bf6 24. Qxc5 Be7 25. Qxh5 Bb7 26. Rfe1 Qc6 (26... Qd7 $142 27. c4 Rc8) 27. Qh8+ Kd7 28. Rxe7+ Kxe7 {[%emt 0:00:30] [#]} 29. Re1+ $1 Kd7 30. Qg7+ Kc8 31. Qf8+ Kc7 32. Qf7+ (32. Re7+ Kb6 33. Rxb7+ (33. Qxb8 $2 Qh1#) 33... Kxb7 34. Qg7+ Ka6 $15) 32... Kd8 33. Qf8+ $2 (33. Re4 Ra8 34. Kh2) 33... Kc7 $18 34. Qf7+ $2 ({Stronger than} 34. Re7+ Kb6 35. Rxb7+ (35. Qxb8 $2 Qh1#) 35... Kxb7 36. Qg7+ Ka6 $15) (34. Qf4+ Kb6 35. Qd4+ (35. Qxb8 $2 Qh1#) 35... Qc5 36. Qxc5+ (36. Re6+ Bc6 $18) 36... Kxc5 37. Re5+ Kc6 38. f4) 34... Kd8 $1 (34... Kb6 $2 35. Re6 $18) 35. Qe7+ $2 (35. Re4 Ra8 36. Kh2) 35... Kc8 36. Qe8+ Kc7 37. Qe7+ Kc8 $1 38. Re4 Ra8 39. Kh2 Ra1 40. g4 ({Don't do} 40. Qf8+ $6 Kc7 $18) 40... Rf1 41. Qe8+ Qxe8 42. Rxe8+ {[%emt 0:00:30] KRB-KR} Kc7 (42... Kd7 {was worth a try.} 43. Rf8 Ke7) 43. Kg3 Rd1 44. Re3 {[%emt 0:00:30] aiming for f4.} Rd2 $2 (44... Rg1+ 45. Kh4 Rb1 46. Re7+ Kb6) 45. h4 {[%emt 0:00:30][%cal Bh3h4,Bh4h5][%mdl 32] White is clearly winning.} Rxb2 46. h5 {[%emt 0:00:30] Threatens to win with h6.} Rb1 47. Kh4 {[%emt 0:00:30] Weighted Error Value: White=0.78/Black=0.44} 1-0

[Event "5th Baskent University Open 2022"]
[Site "Ankara"]
[Date "2022.07.04"]
[Round "5.15"]
[White "Yildirim, Ibrahim Halil"]
[Black "Unver, Cumali"]
[Result "1-0"]
[ECO "D05"]
[WhiteElo "2106"]
[BlackElo "2046"]
[Annotator "NA RC"]
[PlyCount "69"]
[EventDate "2022.07.02"]
[EventType "swiss"]
[EventCountry "TUR"]
[SourceTitle "playchess.com"]
[Source "ChessBase"]
[SourceQuality "1"]
[TimeControl "5400+30"]

1. d4 Nf6 2. Nf3 e6 3. Nbd2 d5 4. e3 c5 5. b3 Nc6 6. Bb2 cxd4 7. exd4 Bd6 8. c4 O-O 9. Bd3 dxc4 10. bxc4 Bc5 11. Nb3 Bb4+ 12. Kf1 b6 13. Rc1 Bb7 14. Bb1 Qe7 15. Qc2 g6 16. h4 Ba3 17. Bxa3 Qxa3 18. h5 Rfd8 19. hxg6 hxg6 20. c5 Kg7 21. Ng5 Ne7 22. Kg1 Rh8 23. Rxh8 Rxh8 24. Qd3 Bd5 25. cxb6 axb6 26. Re1 Qd6 27. Nh3 Nf5 28. Qe2 Bxb3 29. Bxf5 gxf5 30. Qe3 Ng4 31. Qg5+ Kf8 32. axb3 Qh2+ 33. Kf1 Rxh3 34. Rc1 f6 35. Rc8+ 1-0

[Event "5th Baskent University Open 2022"]
[Site "Ankara"]
[Date "2022.07.04"]
[Round "5.16"]
[White "Bicer, Atakan Mert"]
[Black "Cansu, Batuhan"]
[Result "1-0"]
[ECO "A36"]
[WhiteElo "2368"]
[BlackElo "2083"]
[Annotator "TA"]
[PlyCount "55"]
[EventDate "2022.07.02"]
[EventType "swiss"]
[EventCountry "TUR"]
[SourceTitle "playchess.com"]
[Source "ChessBase"]
[SourceQuality "1"]
[TimeControl "5400+30"]

1. c4 g6 2. g3 c5 3. Bg2 Nc6 4. Nc3 Bg7 5. a3 e6 6. b4 Nxb4 7. axb4 cxb4 8. d4 bxc3 9. e3 {[%emt 0:00:00] A36: Symmetrical English vs ...g6: 4 Bg2 Bg7.} d5 10. cxd5 exd5 11. Ne2 {[%emt 0:03:30] The position is equal.} Ne7 (11... Nf6 {keeps more tension.} 12. Ba3 Bg4 13. f3 Be6) 12. Nxc3 O-O {[%emt 0:01:30] [#]} 13. Qb3 $146 ({Predecessor:} 13. Ba3 Re8 14. O-O Be6 15. Qb3 Qd7 16. Bxe7 Rxe7 17. Bxd5 Bh3 18. Rfb1 h5 19. Qxb7 {1-0 (27) Jain,N (2032)-Einarsson,H (2207) Chess.com INT 2021}) 13... Be6 14. Qxb7 Qc8 15. Qxc8 {[%emt 0:00:30] 0x0.00207d5d598ddp-1022s more active pieces. The black rooks are badly placed.} Rfxc8 16. Kd2 Rc4 17. Ba3 Rac8 18. Rhc1 $18 ({Don't do} 18. Bxe7 $6 Rxc3 19. Ra2 (19. Rxa7 $2 Rc2+ 20. Ke1 Rc1+ 21. Ke2 Bg4+ 22. f3 R8c2+ 23. Kd3 Bf5+ 24. e4 Rc3+ 25. Ke2 R1c2+ 26. Kd1 Bh6 $19) 19... a5 $16) 18... Bf6 19. Rab1 Kg7 20. Bc5 R8xc5 (20... a6 $16 21. Bxe7 Bxe7) 21. dxc5 Rxc5 22. Nb5 Rxc1 23. Rxc1 a5 24. Rc7 Nf5 25. Ra7 Bd8 26. Nc7 Ne7 $2 {[%emt 0:02:15] [#]} (26... Bxc7 27. Rxc7 d4 28. exd4 Nxd4) 27. Nxe6+ fxe6 28. Rd7 {[%emt 0:00:00] White took control after the opening.  Weighted Error Value: White=0.02 (flawless) /Black=0.40} 1-0

[Event "5th Baskent University Open 2022"]
[Site "Ankara"]
[Date "2022.07.04"]
[Round "5.18"]
[White "Cevizci, Yusuf Baran"]
[Black "Ozkan, Taha"]
[Result "1/2-1/2"]
[ECO "C02"]
[WhiteElo "2144"]
[BlackElo "2357"]
[Annotator "TA"]
[PlyCount "80"]
[EventDate "2022.07.02"]
[EventType "swiss"]
[EventCountry "TUR"]
[SourceTitle "playchess.com"]
[Source "ChessBase"]
[SourceQuality "1"]
[TimeControl "5400+30"]

1. e4 e6 2. d4 d5 3. e5 c5 4. c3 Qb6 5. Nf3 Nc6 6. Bd3 Bd7 7. dxc5 Bxc5 8. O-O a5 9. Nbd2 f6 {[%emt 0:03:00][%cal Bf7f6,Bf6e5,Be5e4][%mdl 32] [#] C02: French: Advance Variation.} 10. Rb1 $146 (10. Qe1 $11) ({Predecessor:} 10. Qe2 fxe5 11. Nxe5 Nxe5 12. Qxe5 Nf6 13. Nf3 O-O 14. Qe2 Bd6 15. Ne5 Rae8 16. Be3 Qc7 17. Bd4 {1-0 (57) Hector,J (2499)-Merriman,J (2253) London 2015}) 10... fxe5 $17 (10... Nxe5 11. Nxe5 fxe5 12. Qh5+ Kf8 13. Qxe5 $14) 11. b4 axb4 {[%emt 0:00:30] Black is better.} 12. cxb4 Be7 (12... Bxb4 13. a3 $14) (12... Bd6 $1 $15 13. Bb2 Nf6) 13. b5 $11 Nb4 14. Be2 e4 15. Ne5 Nf6 $36 {[%emt 0:02:30][%mdl 2048] Black has good play.} ({But not} 15... Rxa2 16. Bh5+ (16. Nxe4 Rxe2 17. Qxe2 dxe4 $16) 16... g6 17. Nxe4 $16) 16. a3 Nd3 17. Nxd3 exd3 18. Bxd3 O-O ({Don't play} 18... Bxa3 19. Ra1 Qd4 20. Nb3 $16) 19. Nf3 Bxa3 20. Bg5 (20. Qe2 $15) 20... h6 ({Black should try} 20... Bc5 $17 21. Ne5 Bxf2+ $1 22. Kh1 (22. Rxf2 $2 Ne4 $19) 22... Be8 23. Bxf6 Rxf6) 21. Bh4 ({White should play} 21. Bxf6 $15 Rxf6 22. Ne5) 21... Bd6 $17 22. Qe2 Ra4 (22... Nh5 $142 {...Nf4 is the strong threat.} 23. g3 Ra4) 23. Bc2 Rc4 {[%emt 0:03:30] White must now prevent ...Ne4.} 24. Rfd1 $2 (24. Bg3 $17) 24... Ne4 $19 25. Rb3 Qc5 26. Ne1 (26. Bxe4 {was necessary.} Rxe4 27. Re3 Bxb5 28. Qe1 Rxe3 29. fxe3) 26... Nc3 27. Qd3 (27. Rxc3 $142 Rxc3 28. Bg3) 27... Rf5 28. Rd2 Bf4 {[%emt 0:01:21][%cal Of4h2,Bd6f4,Bf4d2,Bd2e1,Be1f2][%mdl 32] aiming for ...Bxh2+!} 29. g4 Bxd2 30. gxf5 Ne4 31. Ra3 Bxe1 32. Ra8+ Kh7 33. f6 Bxf2+ 34. Kh1 Rxc2 35. f7 Bxb5 $2 (35... Rc1+ {mates} 36. Kg2 Rg1+ 37. Kf3 e5 38. h3 Bxh3 39. Rh8+ Kxh8 40. Bg3 Ng5+ 41. Ke2 Bg4+ 42. Kd2 Rd1#) 36. Qxc2 {[%emt 0:04:30] [#]} Qxc2 $2 (36... Kg6 $1 $19 37. Qxc5 Bxc5) 37. f8=N+ $11 {[%emt 0:00:00] The position is equal.} Kg8 38. Nd7+ $1 Kh7 39. Nf8+ Kg8 {[%emt 0:00:27] ( -> ...Qd1+)} 40. Nd7+ $1 Kh7 {[%emt 0:00:22] Weighted Error Value: White=0.95/Black=0.84} 1/2-1/2

[Event "5th Baskent University Open 2022"]
[Site "Ankara"]
[Date "2022.07.04"]
[Round "5.19"]
[White "Kocak, Can"]
[Black "Eke, Salih"]
[Result "1-0"]
[ECO "B33"]
[WhiteElo "2057"]
[BlackElo "2195"]
[Annotator "RC"]
[PlyCount "71"]
[EventDate "2022.07.02"]
[EventType "swiss"]
[EventCountry "TUR"]
[SourceTitle "playchess.com"]
[Source "ChessBase"]
[SourceQuality "1"]
[TimeControl "5400+30"]

1. e4 c5 2. Nf3 Nc6 3. d4 cxd4 4. Nxd4 Nf6 5. Nc3 e5 6. Ndb5 d6 7. Bg5 a6 8. Na3 b5 9. Nd5 Be7 10. Bxf6 Bxf6 11. c3 Bg5 12. Nc2 Ne7 13. Nce3 Bxe3 14. Nxe3 O-O 15. a4 Bb7 16. Bd3 d5 17. axb5 axb5 18. Rxa8 Bxa8 19. O-O d4 20. cxd4 Qxd4 21. Bxb5 Qxe4 22. Qd3 Qf4 23. Ra1 Ng6 24. Bc4 Be4 25. Qd7 Nh4 26. Bd5 Bg6 27. g3 Nf3+ 28. Kg2 Qd4 29. Rd1 Nd2 30. Rxd2 Be4+ 31. Bxe4 Qxe4+ 32. Kg1 Qb1+ 33. Nf1 e4 34. Qd4 f5 35. Qd5+ Kh8 36. Qxf5 1-0

[Event "5th Baskent University Open 2022"]
[Site "Ankara"]
[Date "2022.07.04"]
[Round "5.21"]
[White "Banci, Dogancan"]
[Black "Turkmen, Ataberk"]
[Result "0-1"]
[ECO "B06"]
[WhiteElo "1608"]
[BlackElo "1935"]
[Annotator "NA RC"]
[PlyCount "115"]
[EventDate "2022.07.02"]
[EventType "swiss"]
[EventCountry "TUR"]
[SourceTitle "playchess.com"]
[Source "ChessBase"]
[SourceQuality "1"]
[TimeControl "5400+30"]

1. e4 g6 2. d4 Bg7 3. Nc3 d6 4. Bg5 c6 5. Qd2 h6 6. Be3 Nf6 7. f3 b5 8. a3 a6 9. h4 Nbd7 10. g4 Nb6 11. Bd3 Qc7 12. Nge2 c5 13. dxc5 dxc5 14. Nf4 Bb7 15. Rd1 Rd8 16. Qf2 Nfd7 17. O-O O-O 18. Ncd5 Nxd5 19. Nxd5 Bxd5 20. exd5 Bxb2 21. c4 Bd4 22. Bxd4 cxd4 23. cxb5 axb5 24. Bxb5 Qc5 25. Bxd7 Rxd7 26. Qxd4 Qxa3 27. Rd3 Qd6 28. Kg2 Rb8 29. Rfd1 Rb4 30. Qe3 Kh7 31. R1d2 Rb1 32. Qe4 Qc5 33. Rd1 Rdb7 34. Rxb1 Rxb1 35. Qe3 Rb2+ 36. Kg3 Qd6+ 37. f4 Rb4 38. Qe5 Qc5 39. Re3 Qc1 40. Qxe7 Qg1+ 41. Kh3 Qf1+ 42. Kg3 Qxf4+ 43. Kg2 Rb2+ 44. Re2 Qxg4+ 45. Kf2 Rxe2+ 46. Qxe2 Qd4+ 47. Kg3 Qxd5 48. Qe7 Kg7 49. Kf2 Qd4+ 50. Kg2 Qf6 51. Qb4 Qe5 52. Kf3 h5 53. Kf2 Qf5+ 54. Ke3 Qg4 55. Qc3+ Kh7 56. Qc7 Qf5 57. Qd8 Kg7 58. Ke2 0-1

[Event "5th Baskent University Open 2022"]
[Site "Ankara"]
[Date "2022.07.04"]
[Round "5.22"]
[White "Metin, Enis"]
[Black "Kandaz, Berat Efe"]
[Result "1-0"]
[ECO "B22"]
[WhiteElo "1750"]
[BlackElo "1632"]
[Annotator "NA RC"]
[PlyCount "89"]
[EventDate "2022.07.02"]
[EventType "swiss"]
[EventCountry "TUR"]
[SourceTitle "playchess.com"]
[Source "ChessBase"]
[SourceQuality "1"]
[TimeControl "5400+30"]

1. e4 c5 2. c3 Nf6 3. e5 Nd5 4. d4 cxd4 5. Nf3 e6 6. cxd4 d6 7. Nc3 Be7 8. Bd3 Nc6 9. O-O dxe5 10. dxe5 Nxc3 11. bxc3 Qc7 12. Re1 b6 13. Qa4 Bb7 14. Nd4 a6 15. Nf3 Bc5 16. Be3 b5 17. Qg4 Nxe5 18. Nxe5 Qxe5 19. Bf4 Qf6 20. Qg3 O-O 21. Re5 Bd6 22. Bxh7+ Kxh7 23. Rh5+ Kg8 24. Bxd6 Qg6 25. Qh3 f5 26. Rh8+ Kf7 27. Rxf8+ Rxf8 28. Bxf8 Kxf8 29. a4 f4 30. axb5 axb5 31. Qh8+ Kf7 32. f3 Bxf3 33. Ra7+ Kf6 34. Qf8+ Ke5 35. Qb8+ Kf5 36. Qxb5+ Bd5 37. Qd3+ Kg5 38. Qxg6+ Kxg6 39. Kf2 Kf6 40. h4 g6 41. Ra5 Ke7 42. Rxd5 exd5 43. Kf3 Ke6 44. Kxf4 Kf6 45. g4 1-0

[Event "5th Baskent University Open 2022"]
[Site "Ankara"]
[Date "2022.07.04"]
[Round "5.23"]
[White "Yildiz, Tunahan"]
[Black "Tarim, Metehan"]
[Result "1/2-1/2"]
[ECO "E75"]
[WhiteElo "1671"]
[BlackElo "1536"]
[Annotator "NA RC"]
[PlyCount "77"]
[EventDate "2022.07.02"]
[EventType "swiss"]
[EventCountry "TUR"]
[SourceTitle "playchess.com"]
[Source "ChessBase"]
[SourceQuality "1"]
[TimeControl "5400+30"]

1. d4 Nf6 2. c4 g6 3. Nc3 Bg7 4. e4 d6 5. Be2 O-O 6. Bg5 c5 7. d5 h6 8. Be3 e6 9. Nf3 exd5 10. cxd5 Re8 11. Nd2 a6 12. a4 Nbd7 13. O-O Rb8 14. f3 Qe7 15. Nc4 Ne5 16. Nb6 Qc7 17. a5 Ned7 18. Nca4 Nxb6 19. axb6 Qe7 20. Qd2 Kh7 21. Ra3 Bd7 22. Nc3 Qd8 23. Rb1 a5 24. Rxa5 Qxb6 25. b4 Nh5 26. Nb5 f5 27. bxc5 dxc5 28. Na3 Qf6 29. g4 fxg4 30. fxg4 Rxe4 31. gxh5 Rbe8 32. Nc2 Bf5 33. Rxb7 Rxe3 34. Nxe3 Qg5+ 35. Kf2 Qh4+ 36. Kg1 Qg5+ 37. Kf2 Qh4+ 38. Kg1 Qg5+ 39. Kf2 1/2-1/2

[Event "5th Baskent University Open 2022"]
[Site "Ankara"]
[Date "2022.07.04"]
[Round "5.24"]
[White "Kargi, Mert"]
[Black "Gursu, Ahmet Burak"]
[Result "0-1"]
[ECO "D79"]
[WhiteElo "1767"]
[BlackElo "1533"]
[Annotator "NA RC"]
[PlyCount "108"]
[EventDate "2022.07.02"]
[EventType "swiss"]
[EventCountry "TUR"]
[SourceTitle "playchess.com"]
[Source "ChessBase"]
[SourceQuality "1"]
[TimeControl "5400+30"]

1. c4 c6 2. Nf3 d5 3. g3 g6 4. Bg2 Bg7 5. d4 Nf6 6. O-O O-O 7. cxd5 cxd5 8. Ne5 Nc6 9. Nc3 e6 10. f4 Ne7 11. Be3 b6 12. Qd3 Nf5 13. Bf2 Bb7 14. Rfc1 Nd6 15. Nb5 Nfe4 16. Be1 a5 17. a4 f6 18. Nc6 Qd7 19. Nca7 Ba6 20. Rc7 Qxc7 21. Nxc7 Bxd3 22. Nxa8 Rxa8 23. exd3 Rxa7 24. dxe4 Nxe4 25. Bxe4 dxe4 26. Rc1 f5 27. Bf2 Rb7 28. Kf1 b5 29. Rc8+ Kf7 30. Ra8 bxa4 31. Rxa5 Rxb2 32. Ra7+ Kg8 33. Ra8+ Bf8 34. d5 exd5 35. Bc5 Rxh2 36. Rxf8+ Kg7 37. Rd8 Rd2 38. Be3 Rd3 39. Kf2 h6 40. Rd7+ Kf6 41. Rd6+ Kf7 42. Bc5 Rf3+ 43. Kg2 g5 44. Rxd5 Kg6 45. Rd6+ Kh5 46. Ra6 gxf4 47. gxf4 Rxf4 48. Be3 Rg4+ 49. Kh3 f4 50. Bf2 e3 51. Be1 Rg1 52. Ra5+ Kg6 53. Bc3 e2 54. Bd2 f3 0-1

[Event "5th Baskent University Open 2022"]
[Site "Ankara"]
[Date "2022.07.05"]
[Round "6.1"]
[White "Gunduz, Umut Erdem"]
[Black "Rasulov, Vugar"]
[Result "0-1"]
[ECO "C54"]
[WhiteElo "2368"]
[BlackElo "2458"]
[Annotator "TA"]
[PlyCount "64"]
[EventDate "2022.07.02"]
[EventType "swiss"]
[EventCountry "TUR"]
[SourceTitle "playchess.com"]
[Source "ChessBase"]
[SourceQuality "1"]
[TimeControl "5400+30"]

1. e4 e5 2. Nf3 Nc6 3. Bc4 Nf6 4. d3 Bc5 5. c3 d6 6. h3 a6 7. Bb3 Ba7 8. Nbd2 O-O 9. Nf1 d5 {[%emt 0:03:30] 9...d5 has become a bit dusty these days.} 10. Qe2 {[%emt 0:00:30] C54: Giuoco Piano: 4 c3 Nf6, main lines with 5 d4 and 5 d3.} a5 11. Ng3 {[%emt 0:03:30] [#]} a4 $146 ({Predecessor:} 11... h6 12. Ba4 Re8 13. O-O Bd7 14. Bd2 Bc5 15. Rfe1 Bd6 16. exd5 Nxd5 17. Ne4 Nf6 {½-½ (27) Herzog,K (2052)-Janosi,E (2197) LSS email 2008}) 12. Bxa4 {[%emt 0:08:30] The position is equal.} Bxf2+ 13. Qxf2 {[%emt 0:00:30] Threatens to win with Bxc6.} Rxa4 14. b3 {[%emt 0:05:30] [#]} dxe4 $1 15. bxa4 Qxd3 16. Qd2 {[%emt 0:18:30] Black must now prevent Qxd3.} Rd8 17. Qxd3 Rxd3 {[%emt 0:01:30][%mdl 64] [#] Pin} 18. Nxe5 Nxe5 19. Ne2 e3 {[%emt 0:14:30][%mdl 1024] Black has compensation.} 20. O-O (20. Nf4 $11 Rd8 21. Bxe3) 20... Nd5 $36 {[%emt 0:03:30][%mdl 2048] Black has good play. Black is much more active.} (20... Nc4 $17 21. a5 Nd5) 21. Ba3 (21. a5 $15) 21... g5 ({Don't do} 21... Nxc3 22. Nxc3 Rxc3 23. Bb2 $16) 22. Bc5 (22. Rfd1 $17) 22... b6 $19 (22... Nxc3 $2 23. Nxc3 Nd7 {[#]} 24. Rf5 $1 $18) 23. Bd4 Nc4 {[%emt 0:00:30] And now ...Rd2 would win. Pair of Knights!} 24. Rad1 (24. a5 $17) 24... Rd2 25. Ng3 ({Not} 25. Rxd2 $2 exd2 26. Ra1 Nde3 $19) 25... f5 {[%emt 0:02:30] Against Ne4} ({Inferior is} 25... Rxa2 26. Nf5) 26. Rxd2 (26. a5 $142) 26... exd2 27. Rd1 c5 28. Nf1 cxd4 29. Nxd2 $2 (29. cxd4 Bd7 30. Nxd2 Bxa4 31. Nb3) 29... Nce3 {[%emt 0:01:30] Black is clearly winning.} 30. Re1 dxc3 31. Nf1 f4 32. Nxe3 fxe3 {[%emt 0:00:00] Weighted Error Value: White=0.76/Black=0.17 (very precise)} 0-1

[Event "5th Baskent University Open 2022"]
[Site "Ankara"]
[Date "2022.07.05"]
[Round "6.2"]
[White "Huseyinoglu, Alihan"]
[Black "Annaberdiev, Meilis"]
[Result "0-1"]
[ECO "A41"]
[WhiteElo "2213"]
[BlackElo "2484"]
[Annotator "TA"]
[PlyCount "84"]
[EventDate "2022.07.02"]
[EventType "swiss"]
[EventCountry "TUR"]
[SourceTitle "playchess.com"]
[Source "ChessBase"]
[SourceQuality "1"]
[TimeControl "5400+30"]

1. d4 d6 2. Nf3 g6 3. g3 Bg7 4. Bg2 Nd7 5. O-O e5 6. Nc3 {[%emt 0:01:30] A41: 1 d4 d6: Tartakower System and Modern Defence.} Ngf6 7. dxe5 {[%emt 0:17:30] was the old line (7.e4).} dxe5 8. Nd2 {[%emt 0:02:30] White is slightly better.} O-O 9. b3 Re8 10. Ba3 Bf8 11. Qc1 {[%emt 0:08:30] [#]} Bxa3 $146 ({Predecessor:} 11... Nb6 12. Rd1 Bxa3 13. Qxa3 Qe7 14. Qxe7 Rxe7 15. Nde4 Nxe4 16. Rd8+ Kg7 17. Nxe4 Bh3 18. Rxa8 Bxg2 19. Kxg2 Nxa8 {1-0 (48) Galopoulos,N (2360)-Vafiadis,K (2271) Thessaloniki 2021}) 12. Qxa3 Qe7 13. Qxe7 Rxe7 14. Rfd1 Kg7 15. b4 a5 16. a3 Nb6 17. Nb3 axb4 18. axb4 Rxa1 19. Rxa1 c6 20. Rd1 Rc7 21. Nc5 Kf8 22. e4 Ke7 23. f3 Nc4 24. Kf2 b6 25. Nb3 (25. N5a4 {is interesting.} b5 26. Bf1 Nd6 27. Nc5) 25... Na3 26. Rc1 Be6 27. Nd2 Rd7 28. Ndb1 Nxb1 29. Nxb1 Ra7 30. Ke3 Ra4 31. c3 $1 Ra1 $36 {[%emt 0:00:15][%mdl 2048] Black is more active.} 32. Rh1 Ne8 33. Nd2 Ra2 34. Bf1 Nd6 {[%emt 0:01:08] Strongly threatening ...Ra3. Black is more active.} 35. Bd3 f5 36. exf5 gxf5 37. f4 $2 {[%emt 0:00:39] [#]} (37. Re1 $15) 37... e4 $19 38. Be2 Ne8 39. Rc1 (39. c4 {was worth a try.}) 39... c5 $2 (39... Nf6 $19 {has better winning chances. White must now prevent ...Nd5+.} 40. Nf1 Nd5+ 41. Kf2 Ra3) 40. bxc5 $17 bxc5 {[%emt 0:00:30] [#] And now ...Nf6 would win.} 41. Bc4 $2 (41. Nb1 $17) 41... Bxc4 $19 ({Weaker is} 41... Rxd2 42. Kxd2 Bxc4 43. Rb1 $19) 42. Nxc4 Nf6 {[%emt 0:00:00] Weighted Error Value: White=0.48/Black=0.12 (very precise)} 0-1

[Event "5th Baskent University Open 2022"]
[Site "Ankara"]
[Date "2022.07.05"]
[Round "6.3"]
[White "Caputcuoglu, Zeki Berke"]
[Black "Atabayev, Saparmyrat"]
[Result "0-1"]
[ECO "B90"]
[WhiteElo "2203"]
[BlackElo "2447"]
[Annotator "TA"]
[PlyCount "84"]
[EventDate "2022.07.02"]
[EventType "swiss"]
[EventCountry "TUR"]
[SourceTitle "playchess.com"]
[Source "ChessBase"]
[SourceQuality "1"]
[TimeControl "5400+30"]

1. e4 c5 2. Nf3 d6 3. d4 cxd4 4. Nxd4 Nf6 5. Nc3 a6 6. a3 g6 {[%emt 0:00:30] B90: Sicilian Najdorf: Unusual White 6th moves, 6 Be3 Ng4 and 6 Be3 e5.} 7. f3 Bg7 8. Be3 O-O {[%emt 0:13:30] White is slightly better. 8...Nc6 is vanishing.} 9. Qd2 Nc6 10. O-O-O Nxd4 11. Bxd4 Be6 12. g4 Qa5 13. Kb1 Rfc8 14. h4 h5 15. g5 Ne8 16. Nd5 (16. f4 $16) 16... Qxd2 $11 17. Rxd2 Bxd5 18. exd5 Bxd4 19. Rxd4 {[%emt 0:00:00] [#]} Ng7 $146 ({Predecessor:} 19... b5 20. Bh3 Rc5 21. Re1 Ra7 22. c3 Rac7 23. Kc2 Ng7 24. Kd3 Kf8 25. Ke4 e5 {0-1 (40) Colonetti,F (2015)-Santagati,A (2312) Alessandria 2018}) 20. Bh3 Rc7 21. Re1 b5 22. Re3 Rf8 23. f4 (23. Rde4 {seems wilder.} f6 24. f4 Kf7 25. Re2) 23... f6 24. Rg3 fxg5 25. Rxg5 Rc4 26. Rxc4 bxc4 {[%emt 0:00:30][%mdl 4096] Endgame KRB-KRN} 27. f5 $1 ({Reject} 27. Rxg6 Rxf4 28. Bd7 Rxh4 $17) 27... gxf5 28. Bf1 f4 29. Bxc4 a5 30. Kc1 f3 31. Kd2 Rf4 32. Bf1 Rxh4 {[%emt 0:01:00] And now ...Rh2+ would win.} 33. Ke3 Kf7 34. Kxf3 Kf6 35. Rg1 Rd4 36. Bd3 Rxd5 37. Rg6+ Kf7 {[%emt 0:00:05][%cal Od5d3] [#] White must now prevent ...Rxd3+!} 38. Rh6 {[%emt 0:00:14] Hoping for Bc4.} Rg5 39. b4 axb4 40. axb4 Ne6 41. Ke3 (41. Bc4 $11) 41... Re5+ $17 42. Kf3 $2 {[%emt 0:01:11][%mdl 8192] [#]} (42. Kd2 $17 {is tougher.}) 42... Nf8 $1 {[%emt 0:00:37] Weighted Error Value: White=0.33/Black=0.06 (flawless)} 0-1